 Dungeon Crawl Stone Soup version 0.31-a0-819-gf6de2f5ab6 (webtiles) character file.

Game seed: 5630425271276041302

3033 demibob the Impaler (level 9, -2/64 HPs)
             Began as a Merfolk Chaos Knight on Sept 24, 2023.
             Was a Plaything of Xom.
             Slain by an orc warrior
             ... wielding a +0 war axe
              (13 damage)
             ... in a bailey.
             The game lasted 00:11:09 (5219 turns).

demibob the Impaler (Merfolk Chaos Knight)          Turns: 5219, Time: 00:11:11

Health: -2/64      AC: 10    Str: 15    XL:     9   Next: 86%
Magic:  9/9        EV: 12    Int: 12    God:    Xom [..*...]
Gold:   146        SH:  0    Dex: 15    Spells: 8/8 levels left

rFire   + + .        a - +2 halberd (flame)
rCold   + . .        (shield currently unavailable)
rNeg    . . .        b - +2 leather armour
rPois   .            (no helmet)
rElec   .            (no cloak)
rCorr   .            l - +2 pair of gloves
SInv    .            (no boots)
Will    +....        (no amulet)
Stlth   ++           C - ring of protection from cold
HPRegen 0.30/turn    e - ring "Maos Xoa" {Fire Str+3 Slay+3 Stlth+}
MPRegen 0.11/turn

%: no passive effects
@: enlightened, flying
A: (nimble swimmer 2), mertail, iridescent scales 1, clumsy 1, cold resistance
1, fire resistance 1, MP-powered wands
a: Renounce Religion


You were in a bailey.
You worshipped Xom.
You were a toy of Xom.
You visited 1 branch of the dungeon, and saw 7 of its levels.
You also visited: Bailey.

You collected 269 gold pieces.
You spent 123 gold pieces at shops.


Innate Abilities, Weirdness & Mutations

((You are very nimble when in or above water. (Stealth+, EV+, Speed+++)))
Your lower body shifts to a powerful aquatic tail in water.
You are partially covered in iridescent scales. (AC +2)
You are clumsy. (Dex -2)
Your flesh is cold resistant. (rC+)
Your flesh is heat resistant. (rF+)
You expend magic power (3 MP) to strengthen your wands.


   Skills:
 - Level 3.2 Fighting
 + Level 17.3 Polearms
 - Level 0.6 Armour
 - Level 2.6 Dodging


You had 8 spell levels left.
You didn't know any spells.
Your spell library contained the following spells:

 Spells                   Type           Power      Damage    Failure   Level
 Gell's Gravitas          Tloc           0%         N/A       77%         3
 Teleport Other           Tloc           0%         N/A       77%         3
 Dispersal                Tloc           0%         N/A       100%        6

Inventory:

Hand Weapons
 a - a +2 halberd of flaming (weapon)
 c - a +0 heavy spear
 s - a +3 halberd of venom
Missiles
 f - a throwing net {=f}
Armour
 b - a +2 leather armour (worn)
 l - a +2 pair of gloves (worn)
Jewellery
 e - the ring "Maos Xoa" (right hand) {Fire Str+3 Slay+3 Stlth+}
   (You acquired it on level 3 of the Dungeon)

   [ring of fire]

   Fire:      It enhances your fire magic.
   Str+3:     It affects your strength (+3).
   Slay+3:    It affects your accuracy & damage with ranged weapons and melee
   (+3).
   rF+:       It protects you from fire.
   rC-:       It makes you vulnerable to cold.
   Stlth+:    It makes you more stealthy.
 C - a ring of protection from cold (left hand)
 F - a ring of protection from fire
 S - a +6 ring of strength
Wands
 k - a wand of quicksilver (6)
Potions
 d - a potion of brilliance
 g - 2 potions of resistance
 h - a potion of heal wounds {unknown}
 m - a potion of berserk rage {unknown}
 n - a potion of mutation
 o - a potion of lignification
 r - 2 potions of enlightenment

Dungeon Overview and Level Annotations

Branches:
Dungeon (7/15)             Temple (0/1) D:7          Bailey (1/1)

Altars:
Gozag
Kikubaaqudgha
Makhleb
Ru
Vehumet
Wu Jian
The Shining One

Shops:
D:6

*?* #≈≈≈≈≈≈ ≈≈≈≈≈≈≈
#≈≈≈≈≈▒ ~~~~~~~▒▒▒
#≈≈≈≈≈▒ .......'..
#≈≈≈≈≈▒
▒▒▒▒▒▒▒▒▒▒▒▒▒▒▒..
#≈≈≈≈≈▒
▒.......▒....))..
#≈≈≈≈≈▒
▒.8o8.8.'....)▒))
#≈≈≈≈≈▒▒▒▒▒▒...▒
▒▒▒▒▒▒▒▒▒
#≈≈≈≈≈~.▒...o..▒ +))
######.≈≈≈≈~.▒.h@o..▒
▒))
#......≈≈≈≈~.▒''▒▒▒▒▒
▒..
#......≈≈≈≈~.▒.....▒
▒▒▒▒▒▒
.............+.....▒
.8.8..
..∩..........+..⌠..▒
......
.............+.)...▒
.8.8..
#......≈≈≈≈~.▒.))..▒
▒▒▒▒▒▒
#......≈≈≈≈~.▒''▒▒▒▒▒
▒..
######.≈≈≈≈~.▒......▒
▒??


You could see an orc knight, 2 orc warriors and a friendly hound (summoned).


Message History

You open the large door.
An orc warrior and a goblin come into view.
An orc warrior comes into view. It is wielding a +0 hand axe.
There is a large open door here.
You reach to attack!
The helpless goblin fails to defend itself.
You impale the goblin!! You burn the goblin.
You kill the goblin!
The orc knight shouts!
The orc knight roars a battlecry!
The orc warriors go into a battle-frenzy!
You closely miss the orc warrior.
The orc warrior hits you with a +0 war axe!!
You closely miss the orc warrior. You slash the orc warrior!
You burn the orc warrior.
The orc warrior is heavily wounded.
The orc warrior attacks as it pursues you!
The orc warrior hits you with a +0 war axe!!
* * * LOW HITPOINT WARNING * * *
Xom plays with reality for a moment.
The orc warrior attacks as it pursues you!
The orc warrior hits you with a +0 war axe!
* * * LOW HITPOINT WARNING * * *
You aren't carrying any scrolls.
It was a potion of enlightenment.
You feel very buoyant.
You fly up into the air.
The orc warrior hits you with a +0 war axe!
You die...
Xom guffaws!

Skill      XL: |  1  2  3  4  5  6  7  8  9 |
---------------+----------------------------+-----
Polearms       | 5 6 8 10 12 14 17 | 17.3
Fighting       | |  3.2
Armour         | |  0.6
Dodging        | |  2.6

Action                     |  1- 3 |  4- 6 |  7- 9 || total
---------------------------+-------+-------+-------++-------
  Melee: Spear             |   138 |   106 |   108 ||   352
         Halberd           |       |       |   150 ||   150
         Punch             |       |       |     2 ||     2
         Tailslap          |       |       |     2 ||     2
  Evoke: Wand              |       |       |     2 ||     2
    Use: Potion            |     2 |       |     5 ||     7
         Scroll            |     1 |     5 |    11 ||    17
   Stab: Sleeping          |     2 |     4 |     7 ||    13
         Distracted        |       |     2 |     3 ||     5
         Confused          |       |       |     2 ||     2
 Armour: Leather armour    |    40 |    40 |   138 ||   218
         Skin              |       |       |    16 ||    16
  Dodge: Dodged            |    59 |    41 |    88 ||   188

Levels and vault maps discovered:
D:1:      grunt_arrival_lava_bath, layout_rooms
D:2:      layout_basic, chequers_ecumenical_altar_island
D:3:      layout_loops_ring, lemuel_tele_altar, grunt_gozag_statues,
          grunt_temple_overflow_open, kennysheep_path_1
D:4:      minmay_angry_zag, layout_rooms, lemuel_crystal_altar,
          dk_noncrumbling_2, uniq_ijyb, uniq_edmund
D:5:      layout_rooms
D:6:      layout_rooms, serial_undead, serial_undead_a, serial_undead_d,
          serial_undead_d, serial_undead_a, serial_shops,
          nicolae_shop_overgrown_old_shop, nicolae_shop_trees, shop,
          minmay_quadrilaterals, uniq_eustachio
D:7:      layout_cave_pools, gammafunk_temple_overflow_pools,
          makhleb_grotto_becter, minmay_temple_entry_large_hall, enter_bailey_8,
          serial_bayou_pond_a, moated_statue, kennysheep_decorative_pillar,
          uniq_pikel
Bailey:   bailey_axe_of_yendor_kennysheep, bailey

Notes
Turn   | Place    | Note
-------+----------+-------------------------------------------
     0 | D:1      | demibob the Merfolk Chaos Knight began the quest for the
                  | Orb.
     0 | D:1      | Reached XP level 1. HP: 18/18 MP: 1/1
    36 | D:1      | XOM: potion effect (berserk rage)
   167 | D:1      | Reached XP level 2. HP: 24/24 MP: 2/2
   208 | D:1      | Reached skill level 5 in Polearms
   560 | D:2      | Reached XP level 3. HP: 29/29 MP: 3/3
   685 | D:2      | Found a faded altar of an unknown god.
   690 | D:2      | XOM: smoke on damage
   693 | D:2      | XOM: 9-stop teleportation journey
   740 | D:2      | Reached skill level 6 in Polearms
  1023 | D:3      | Found a radiant altar of Vehumet.
  1024 | D:3      | Found a glowing golden altar of the Shining One.
  1026 | D:3      | Found an ornate altar of the Wu Jian Council.
  1084 | D:3      | XOM: smoke on damage
  1095 | D:3      | Reached XP level 4. HP: 27/35 MP: 4/4
  1287 | D:3      | XOM: cloud trail
  1330 | D:3      | Found an ancient bone altar of Kikubaaqudgha.
  1650 | D:3      | Found an opulent altar of Gozag.
  1664 | D:3      | XOM: give mutations
  1664 | D:3      | Gained mutation: You sometimes lose your temper in combat.
                  | [Xom's mischief]
  1664 | D:3      | Gained mutation: You have hidden genetic potential. [Xom's
                  | mischief]
  2005 | D:3      | Identified a scroll of acquirement
  2005 | D:3      | Acquired the ring "Maos Xoa" {Fire Str+3 Slay+3 Stlth+}
  2022 | D:4      | Noticed Ijyb
  2022 | D:4      | XOM: 3-stop teleportation journey
  2033 | D:4      | Killed Ijyb
  2034 | D:4      | Reached skill level 7 in Polearms
  2052 | D:4      | XOM: give mutation
  2052 | D:4      | Gained mutation: You are clumsy. (Dex -2) [Xom's mischief]
  2129 | D:4      | Noticed Edmund
  2130 | D:4      | XOM: cleaving
  2132 | D:4      | XOM: summons 3 friendly demons
  2142 | D:4      | Killed Edmund
  2143 | D:4      | Reached skill level 8 in Polearms
  2143 | D:4      | Reached XP level 5. HP: 41/41 MP: 5/5
  2149 | D:4      | Gained mutation: Your mind is acute. (Int +4, Str/Dex -1)
                  | [hidden potential]
  2160 | D:4      | Reached XP level 6. HP: 47/47 MP: 6/6
  2393 | D:4      | Reached skill level 9 in Polearms
  2722 | D:4      | Found a sacrificial altar of Ru.
  2764 | D:4      | Identified 2 potions of resistance
  2795 | D:5      | Entered Level 5 of the Dungeon
  2830 | D:5      | XOM: cast spell 'Summon Ice Beast'
  2838 | D:5      | Gained mutation: You have great hidden genetic potential.
                  | [hidden potential]
  2838 | D:5      | Lost mutation: You have great hidden genetic potential.
                  | [hidden potential expressed]
  2846 | D:5      | Reached skill level 10 in Polearms
  2864 | D:5      | Reached XP level 7. HP: 52/52 MP: 7/7
  2990 | D:5      | Gained mutation: You expend magic power (3 MP) to
                  | strengthen your wands. [hidden potential]
  3269 | D:5      | Lost mutation: You sometimes lose your temper in combat.
                  | [potion of mutation]
  3269 | D:5      | Lost mutation: Your mind is acute. (Int +4, Str/Dex -1)
                  | [potion of mutation]
  3269 | D:5      | Gained mutation: Your flesh is heat resistant. (rF+)
                  | [potion of mutation]
  3269 | D:5      | Gained mutation: You are partially covered in iridescent
                  | scales. (AC +2) [potion of mutation]
  3318 | D:6      | Noticed Eustachio
  3330 | D:6      | Killed Eustachio
  3331 | D:6      | Reached skill level 11 in Polearms
  3357 | D:6      | Found Ysaont's Magic Scroll Boutique.
  3370 | D:6      | XOM: summons friendly quasit
  3373 | D:6      | XOM: confuse monster(s)
  3381 | D:6      | XOM: confuse monster(s)
  3383 | D:6      | Reached skill level 12 in Polearms
  3383 | D:6      | Reached XP level 8. HP: 19/58 MP: 8/8
  3402 | D:6      | Gained mutation: Your flesh is cold resistant. (rC+)
                  | [hidden potential]
  3402 | D:6      | Lost mutation: You have hidden genetic potential. [hidden
                  | potential expressed]
  3404 | D:6      | Reached skill level 13 in Polearms
  3455 | D:6      | Found Sixan's Assorted Antiques.
  3838 | D:6      | Bought a scroll of brand weapon for 123 gold pieces
  3950 | D:6      | Reached skill level 14 in Polearms
  4050 | D:6      | XOM: divination: magic mapping
  4058 | D:6      | Reached XP level 9. HP: 64/64 MP: 9/9
  4076 | D:6      | Reached skill level 15 in Polearms
  4110 | D:6      | Found Yckog's Assorted Antiques.
  4127 | D:6      | XOM: cast spell 'Alistair's Intoxication'
  4142 | D:6      | XOM: enchant monster (bad)
  4298 | D:6      | XOM: noise
  4582 | D:7      | Found a staircase to the Ecumenical Temple.
  4609 | D:7      | XOM: potion effect (might)
  4610 | D:7      | Reached skill level 16 in Polearms
  4652 | D:7      | Found a burning altar of Makhleb.
  4678 | D:7      | Found a flagged portal.
  4687 | Bailey   | Entered a bailey
  4808 | Bailey   | XOM: 3-stop teleportation journey
  4996 | Bailey   | Noticed an orc knight
  5009 | Bailey   | Reached skill level 17 in Polearms
  5218 | Bailey   | XOM: cast spell 'Call Canine Familiar'
  5219 | Bailey   | Slain by an orc warrior

Vanquished Creatures
  Eustachio (D:6)
  A black bear (D:6)
  3 orc warriors
  An ice beast (D:6)
  A sky beast (D:6)
  2 phantoms (D:6)
  A kobold brigand (D:7)
  A bullfrog (D:7)
  A gnoll sergeant (D:6)
  2 scorpions (D:5)
  2 wyvern zombies (D:6)
  A water moccasin skeleton (D:6)
  2 electric eels (Bailey)
  A howler monkey (D:4)
  2 bullfrog zombies (D:6)
  A centaur zombie (D:6)
  A crimson imp (D:7)
  An orc priest (D:6)
  2 hounds
  2 gnoll boudas
  2 bullfrog skeletons (D:6)
  2 sleepcaps
  Ijyb (D:4)
  3 iguanas
  7 orc wizards (D:6)
  A killer bee zombie (D:6)
  11 gnolls
  6 adders
  A shadow imp (D:5)
  3 white imps
  An ufetubus (D:6)
  2 worms
  6 dart slugs
  27 orcs
  4 ball pythons
  5 bats
  8 endoplasms
  4 giant cockroaches
  7 goblins
  9 hobgoblins
  7 quokkas
  4 frilled lizards
  12 kobolds
  2 rats (D:1)
164 creatures vanquished.

Vanquished Creatures (collateral kills)
  Edmund (D:4)
  4 orc warriors (Bailey)
  A bullfrog (D:5)
  An electric eel (Bailey)
  4 orcs (Bailey)
  7 goblins (Bailey)
  3 hobgoblins (Bailey)
21 creatures vanquished.

Grand Total: 185 creatures vanquished

Table legend: (Time is in decaauts)
 A = Elapsed time spent in this place.
 B = Non-inter-level travel time spent in this place.
 C = Inter-level travel time spent in this place.
 D = Time resting spent in this place.
 E = Time spent auto-exploring this place.
 F = Levels seen in this place.
 G = Mean time per level.
                   A        B        C        D        E       F      G
               +--------+--------+--------+--------+--------+-----+--------+
         Total |   5157 |   5016 |    141 |    535 |   3389 |   8 |  644.6 |
       Dungeon |   4661 |   4520 |    141 |    268 |   3301 |   7 |  665.9 |
        Bailey |    496 |    496 |      0 |    267 |     88 |   1 |  496.0 |
               +--------+--------+--------+--------+--------+-----+--------+

Top non-repeatable levels by time:
     D:6: 1189 daAuts
     D:3: 1004 daAuts
     D:4: 784 daAuts
     D:1: 557 daAuts
     D:5: 511 daAuts
  Bailey: 496 daAuts
     D:2: 451 daAuts
     D:7: 163 daAuts

Table legend:
 A = Non-vault XP
 B = Vault XP
 C = Vault XP percentage of total XP
 D = Non-vault monster count
 E = Vault monster count
 F = Vault count percentage of total count
                 A         B        C        D         E       F
            +---------+---------+-------+---------+---------+-------
      Total |    2199 |    2134 |  49.2 |     134 |      51 |  27.6
            +---------+---------+-------+---------+---------+-------
        D:1 |      33 |       0 |   0.0 |      20 |       0 |   0.0
        D:2 |      41 |       0 |   0.0 |      21 |       0 |   0.0
        D:3 |      38 |       0 |   0.0 |      15 |       0 |   0.0
        D:4 |      66 |     266 |  80.1 |      15 |       8 |  34.8
        D:5 |     407 |       0 |   0.0 |      10 |       0 |   0.0
        D:6 |    1341 |     957 |  41.6 |      43 |      16 |  27.1
        D:7 |     273 |      46 |  14.4 |      10 |       1 |   9.1
     Bailey |       0 |     865 | 100.0 |       0 |      26 | 100.0
            +---------+---------+-------+---------+---------+-------
